 Dungeon Crawl Stone Soup version 0.18-a0-1267-g536a798 (webtiles) character file.

2545 KingShit420 the Covert (level 9, -16/68 HPs)
             Began as a Vampire Summoner on Feb 6, 2016.
             Was a Follower of Ukayaw.
             Demolished by an orc warrior
             ... wielding a +0 long sword of protection
              (19 damage)
             ... on level 9 of the Dungeon on Feb 7, 2016.
             The game lasted 00:50:06 (10171 turns).

KingShit420 the Covert (Vampire Summoner)          Turns: 10171, Time: 00:50:06

Health: -16/68     AC:  4    Str:  7    XL:     9   Next: 30%
Magic:  8/12       EV: 16    Int: 20    God:    Ukayaw [*.....]
Gold:   316        SH:  0    Dex: 20    Spells: 5 memorised, 2 levels left

rFire  . . .     SeeInvis +     a - +3 trident (venom)
rCold  + . .     Gourm    .     o - +0 robe
rNeg   + + .     Faith    .     (no shield)
rPois  +         Spirit   .     (no helmet)
rElec  .         Dismiss  .     (no cloak)
rCorr  .         Reflect  .     d - +1 pair of gloves
SustAt .         Harm     .     (no boots)
MR     .....                    (no amulet)
Stlth  +++++.....               (no ring)
                                u - +5 ring of dexterity

@: regenerating slowly, hasted, very quick, not resistant to hostile
enchantments, quite stealthy
A: fangs 3, see invisible, unbreathing
a: Bat Form, Stomp, Renounce Religion


You were on level 9 of the Dungeon.
You worshipped Ukayaw.
Ukayaw was aware of your devotion.
You were very thirsty.

You visited 3 branches of the dungeon, and saw 11 of its levels.

You collected 412 gold pieces.
You spent 96 gold pieces at shops.

Inventory:

Hand Weapons
 a - a +3 trident of venom (weapon)
 c - a +0 blowgun
 z - a +4 dagger
Missiles
 f - 14 poisoned bolts
 h - 76 bolts
 l - 38 poisoned needles
 s - 14 bolts of flame
 t - 2 curare-tipped needles
Armour
 d - a +1 pair of gloves (worn)
 o - a +0 robe (worn)
Magical Staves
 A - an uncursed staff of power
Rods
 b - a +2 rod of the swarm (12/12)
   (You found it on level 3 of the Dungeon)
Jewellery
 u - a +5 ring of dexterity (left hand)
Wands
 j - a wand of polymorph (22/24)
 k - a wand of disintegration (10/24)
 v - a wand of random effects (18/48)
 x - a wand of paralysis (10/24)
Scrolls
 e - 2 scrolls of magic mapping
 g - a scroll of fog
 B - a scroll of amnesia
Potions
 i - a potion of magic
 m - a potion of resistance {unknown}
 n - a potion of might
 p - a potion of agility
 q - 3 potions of haste
Books
 r - a book of Callings

   Spells                             Type                      Level
   a - Summon Small Mammal            Summoning                    1
   b - Call Imp                       Summoning                    2
   c - Call Canine Familiar           Summoning                    3
   d - Summon Guardian Golem          Hexes/Summoning              3
   e - Summon Lightning Spire         Summoning/Air                4
   f - Summon Ice Beast               Ice/Summoning                4
 w - a book of Spatial Translocations

   Spells                             Type                      Level
   a - Apportation                    Translocation                1
   b - Blink                          Translocation                2
   c - Shroud of Golubria             Charms/Translocation         2
   d - Portal Projectile              Translocation                3
   e - Teleport Other                 Translocation                3
   f - Passage of Golubria            Translocation                4
 y - a book of Envenomations

   Spells                             Type                      Level
   a - Spider Form                    Transmutation/Poison         3
   b - Olgreb's Toxic Radiance        Poison                       4
   c - Alistair's Intoxication        Transmutation/Poison         5
   d - Poisonous Cloud                Conjuration/Poison/Air       6


   Skills:
 - Level 5.0 Fighting
 - Level 5.0 Short Blades
 + Level 2.3 Polearms
 + Level 5.3 Dodging
 - Level 8.1 Stealth
 - Level 2.0 Spellcasting
 - Level 2.0 Hexes
 - Level 7.3 Summonings
 - Level 2.8 Evocations


You had 2 spell levels left.
You knew the following spells:

 Your Spells              Type           Power        Failure   Level  Hunger
a - Summon Small Mammal   Summ           ####         1%          1    #......
b - Call Imp              Summ           ####....     1%          2    ##.....
c - Call Canine Familiar  Summ           ####....     2%          3    ###....
d - Summon Guardian Gole  Hex/Summ       ###.....     10%         3    ###....
e - Apportation           Tloc           #.........   17%         1    #......


Dungeon Overview and Level Annotations

Branches:
Dungeon (9/15)             Temple (1/1) D:4            Lair (1/8) D:9
    Orc: D:9-12

Altars:
Ashenzari
Cheibriados
Dithmenos
Elyvilon
Fedhas
Gozag
Kikubaaqudgha
Okawaru
Pakellas
Qazlal
Ru
Sif Muna
Trog
Ukayaw
Vehumet
Xom
Yredelemnul
Zin
The Shining One

Shops:
D:5 [*

Annotations:
D:1 exclusion: downstairs
D:2 Jessica
D:3 ProzacElf's ghost, amateur VSEE
D:4 exclusion: downstairs
D:5 exclusion: downstairs
D:6 exclusion: downstairs
D:7 Pikel
D:8 Gastronok
D:9 exclusion: orc warrior, Erolcha; Psyche


Innate Abilities, Weirdness & Mutations

You heal slowly.
You have razor-sharp teeth.
You have supernaturally acute eyesight.
You can survive without breathing.


Message History

Your quokka bites the orc wizard but does no damage.
The orc wizard misses your quokka.
An orc comes into view. It is wielding a club.
You closely miss the orc warrior.
The orc wizard hits your quokka with a long sword.
Your quokka dies!
Your quokka's corpse disappears in a puff of smoke!
The orc warrior hits you with a long sword of protection!!
* * * LOW HITPOINT WARNING * * *
Unknown command.
Casting: Summon Small Mammal
Confirm with . or Enter, or press ? or * to list all spells.
The orc warrior hits you with a long sword of protection!
* * * LOW HITPOINT WARNING * * *
Your hound barely misses the orc warrior.
Your hound barely misses the orc warrior.
Drink which item? (? for menu, Esc to quit)
You feel yourself speed up.
The orc warrior hits you with a long sword of protection!!
You die...

#############
............# ####
............#
##..#
........##..##
##...>
....######.o.##
##..### ###
#...).# ##..## #
#..#.h# ###..##
.##..#oo# ##...##
.#o.#.@# ##...##
#...#..# ##...## #
#[..#..# ##...##
#.o#...#..###...##
#..#...#.......##
#...#.......##
#..........##
#..........###
#...(.......>#


You could see an orc warrior, an orc wizard, an orc and a friendly hound.

Vanquished Creatures
  2 water moccasins
  2 phantoms (D:8)
  A black bear (D:9)
  An ice beast (D:9)
  2 ogres
  3 giant frogs
  A wight (D:6)
  2 crimson imps
  A giant frog zombie (D:7)
  2 jellies (D:7)
  3 hounds
  A giant frog skeleton (D:8)
  An orc priest (D:9)
  An iguana (D:4)
  3 orc wizards
  4 worker ants
  2 hound zombies
  A hound skeleton (D:5)
  A gnoll (D:8)
  4 adders
  2 shadow imps (D:5)
  4 oozes
  A worm (D:4)
  6 giant geckos
  5 orcs
  4 giant cockroaches
  9 goblins
  5 hobgoblins
  8 jackals
  3 quokkas
  A ball python (D:2)
  6 bats
  A giant gecko skeleton (D:6)
  3 giant newts
  4 kobolds
  13 rats
113 creatures vanquished.

Vanquished Creatures (collateral kills)
  Prince Ribbit (D:5)
  An ice beast (D:5)
  2 orc warriors (D:5)
  5 ogres
  A phantom (D:4)
  2 centaurs
  A big kobold (D:7)
  2 gnoll sergeants
  A giant frog (D:6)
  2 scorpions (D:6)
  2 wights (D:6)
  A jelly (D:6)
  A crimson imp (D:7)
  A hound (D:6)
  An orc priest (D:4)
  An orc wizard (D:5)
  A giant frog skeleton (D:5)
  3 worker ants
  2 gnolls (D:8)
  6 adders
  An adder zombie (D:6)
  A worm (D:2)
  2 giant geckos
  14 orcs
  3 goblins
  4 hobgoblins
  3 jackals
  A quokka (D:6)
  A bat (D:3)
  A giant newt (D:5)
  4 kobolds
72 creatures vanquished.

Grand Total: 185 creatures vanquished

Notes
Turn   | Place    | Note
--------------------------------------------------------------
     0 | D:1      | KingShit420 the Vampire Summoner began the quest for the Orb.
     0 | D:1      | Reached XP level 1. HP: 13/13 MP: 3/3
   191 | D:1      | Reached skill level 1 in Fighting
   212 | D:1      | Reached XP level 2. HP: 12/21 MP: 5/5
   846 | D:1      | Reached XP level 3. HP: 26/28 MP: 6/6
   851 | D:1      | Learned a level 2 spell: Call Imp
   856 | D:1      | Learned a level 3 spell: Call Canine Familiar
  2189 | D:2      | Found a bloodstained altar of Trog.
  2282 | D:2      | Found a shadowy altar of Dithmenos.
  2313 | D:2      | Reached XP level 4. HP: 30/35 MP: 2/7
  2337 | D:2      | Found an opulent altar of Gozag.
  2337 | D:2      | Found a shimmering altar of Xom.
  2339 | D:2      | Found a radiant altar of Vehumet.
  2340 | D:2      | Found a stormy altar of Qazlal.
  2497 | D:2      | Noticed Jessica
  3019 | D:3      | Identified a cursed +0 rod of the swarm (11/11) (You found it on level 3 of the Dungeon)
  3077 | D:3      | Noticed ProzacElf's ghost (amateur VSEE)
  3267 | D:4      | Noticed a phantom
  3283 | D:4      | Killed a phantom
  3283 | D:4      | Reached skill level 1 in Evocations
  3283 | D:4      | Reached XP level 5. HP: 40/42 MP: 8/8
  3322 | D:4      | Noticed an ogre
  3383 | D:4      | Found a shattered altar of Ashenzari.
  3447 | D:4      | Found a staircase to the Ecumenical Temple.
  3454 | Temple   | Entered the Ecumenical Temple
  3462 | Temple   | Became a worshipper of Ukayaw the Reveler
  3598 | D:4      | Killed an ogre
  3716 | D:4      | Reached * piety under Ukayaw
  3719 | D:4      | Reached ** piety under Ukayaw
  3728 | D:4      | Noticed an ogre
  3736 | D:4      | Killed an ogre
  3736 | D:4      | Reached XP level 6. HP: 38/49 MP: 5/9
  3848 | D:4      | Found a sacrificial altar of Ru.
  3934 | D:5      | Entered Level 5 of the Dungeon
  4056 | D:5      | Reached *** piety under Ukayaw
  4308 | D:5      | Learned a level 3 spell: Summon Guardian Golem
  4491 | D:4      | Reached skill level 1 in Hexes
  4652 | D:5      | Noticed an ice beast
  4668 | D:5      | Noticed an orc warrior
  4692 | D:5      | Killed an orc warrior
  4692 | D:5      | Reached skill level 5 in Fighting
  4819 | D:5      | Killed an ice beast
  5070 | D:5      | Noticed Prince Ribbit
  5250 | D:5      | Reached XP level 7. HP: 47/56 MP: 5/10
  5362 | D:5      | Reached skill level 5 in Summonings
  5370 | D:5      | Killed Prince Ribbit
  5781 | D:5      | Reached skill level 6 in Summonings
  6420 | D:5      | Noticed a deep elf knight
  6440 | D:5      | Found Reaskiv's Assorted Antiques.
  6448 | D:5      | Bought a scroll of identify for 48 gold pieces
  6448 | D:5      | Bought a scroll of identify for 48 gold pieces
  6480 | D:5      | Found Losiho's Antique Armour Shop.
  6516 | D:5      | Noticed a deep elf knight
  6759 | D:6      | Reached skill level 7 in Summonings
  6884 | D:6      | Reached XP level 8. HP: 49/62 MP: 7/11
  6994 | D:6      | Reached skill level 1 in Short Blades
  7184 | D:6      | Reached skill level 5 in Stealth
  7607 | D:6      | HP: 3/62 [centaur/enchanted shortbow (5)]
  8347 | D:7      | Noticed Pikel
  8470 | D:7      | Reached skill level 5 in Short Blades
  8470 | D:7      | Reached skill level 8 in Stealth
  8534 | D:7      | Learned a level 1 spell: Apportation
  8964 | D:8      | Noticed Gastronok
  9016 | D:8      | Reached XP level 9. HP: 57/68 MP: 10/12
  9551 | D:9      | Noticed Psyche
  9598 | D:9      | Reached skill level 1 in Polearms
  9659 | D:9      | Noticed a troll
  9718 | D:9      | Noticed Erolcha
  9998 | D:9      | Reached skill level 5 in Dodging
 10018 | D:9      | Found a staircase to the Lair.
 10127 | Lair:1   | Entered Level 1 of the Lair of Beasts
 10127 | Lair:1   | Noticed a spiny frog
 10168 | D:9      | HP: 3/68 [orc warrior/long sword of protection (7)]
 10171 | D:9      | Demolished by an orc warrior

Vault maps used:
D:1:      erik_arrival_gehennom, serial_glass, glass_columns_a, glass_columns_a,
          glass_columns_a, glass_columns_a
D:2:      minitemple, nicolae_overflow_crystal_walls, first_bread, uniq_jessica
D:3:      kennysheep_decorative_pillar, uniq_sigmund
D:4:      nicolae_ru_path_of_blood, evilmike_ruin_ashenzari,
          minmay_temple_entry_purple_smoke
D:5:      serial_shops, shop, shop, sword_in_stone, uniq_prince_ribbit1,
          uniq_eustachio
D:7:      uniq_pikel
D:8:      uniq_gastronok
D:9:      minmay_ornate_pinched, lair_0_dummy, uniq_psyche, uniq_erolcha,
          uniq_joseph
Temple:   circular_temple_13
Lair:1:   lemuel_ratsnest, uniq_nergalle

Action                   |  1- 3 |  4- 6 |  7- 9 || total
-------------------------+-------+-------+-------++-------
Melee: Unarmed           |    25 |       |       ||    25
       Dagger            |   132 |   206 |   210 ||   548
       Trident           |       |       |    36 ||    36
 Fire: Blowgun           |       |       |    21 ||    21
 Cast: Summon Small Mamm |    13 |    26 |    30 ||    69
       Call Imp          |     3 |     3 |    13 ||    19
       Call Canine Famil |     2 |     9 |    13 ||    24
       Summon Guardian G |       |     1 |     5 ||     6
       Apportation       |       |       |     7 ||     7
Invok: Stomp             |       |     1 |       ||     1
Evoke: Rod               |       |    14 |    22 ||    36
  Use: Scroll            |     2 |     7 |     9 ||    18
       Potion            |     6 |     3 |     7 ||    16
 Stab: Sleeping          |    12 |     6 |    15 ||    33
       Distracted        |     1 |       |     5 ||     6
       Paralysed         |       |       |     3 ||     3
  Eat: Corpse            |     4 |    15 |    16 ||    35
